 Dungeon Crawl Stone Soup version 0.26-a0-489-g112e8ad (webtiles) character file.

Game seed: 12705386243382682890

35 ClockworkOrrery the Skirmisher (level 3, 24/24 HPs)
             Began as a Gargoyle Fighter on Aug 4, 2020.
             Quit the game on level 1 of the Dungeon.
             The game lasted 00:02:17 (790 turns).

ClockworkOrrery the Skirmisher (Gargoyle Fighter)    Turns: 790, Time: 00:02:17

Health: 24/24      AC: 10    Str: 20    XL:     3   Next: 33%
Magic:  3/3        EV:  7    Int:  8    God:
Gold:   106        SH:  9    Dex:  9    Spells: 2/2 levels left

rFire    . . .     SeeInvis .   a - +0 flail
rCold    + . .     Faith    .   c - +0 kite shield
rNeg     + . .     Spirit   .   b - +0 scale mail
rPois    ∞         Reflect  .   (no helmet)
rElec    +         Harm     .   (no cloak)
rCorr    .                      (no gloves)
MR       .....                  (no boots)
Stlth    ..........             (no amulet)
HPRegen  0.08/turn              n - ring of protection from cold (curse)
MPRegen  0.08/turn              (no ring)

@: no status effects
A: negative energy resistance 1, electricity resistance, unbreathing,
petrification resistance, rot immunity, AC +3
a: no special abilities


You were on level 1 of the Dungeon.
You visited 1 branch of the dungeon, and saw 1 of its levels.

You collected 106 gold pieces.

Inventory:

Hand Weapons
 a - a +0 flail (weapon)
Armour
 b - a +0 scale mail (worn)
 c - a +0 kite shield (worn)
Jewellery
 n - a cursed ring of protection from cold (left hand)
Scrolls
 f - a scroll of fear {unknown}
 g - 3 scrolls of teleportation {unknown}
 i - a scroll of identify {unknown}
 j - a scroll of remove curse {unknown}
 k - a scroll of immolation {unknown}
 l - a scroll of enchant armour
 m - a scroll of amnesia {unknown}
Potions
 d - a potion of might
 e - 2 potions of curing {unknown}
 h - 2 potions of degeneration {unknown}


   Skills:
 * Level 4.3 Fighting
 + Level 2.6 Maces & Flails
 - Level 3.2 Armour
 - Level 3.2 Shields


You had 2 spell levels left.
You didn't know any spells.
Your spell library was empty.

Dungeon Overview and Level Annotations

Branches:
Dungeon (1/15)

Altars:


Innate Abilities, Weirdness & Mutations

You are resistant to torment.
Your stone body is resilient. (AC +3)
You are immune to poison.
You resist negative energy. (rN+)
You are resistant to electric shocks. (rElec)
You can survive without breathing.
You are immune to petrification.
You are immune to rotting.


Message History

The hobgoblin hits you but does no damage.
You hit the hobgoblin but do no damage.
The hobgoblin hits you but does no damage.
You hit the hobgoblin.
You kill the hobgoblin!
You sock the giant cockroach!
You kill the giant cockroach!
No target in view!
Things that are here:
a giant cockroach corpse; a hobgoblin corpse You see here a jackal corpse.
You see here 18 bolts.
Done exploring.
Done exploring.
Oops, that ring feels deathly cold.
n - a cursed ring of protection from cold (left hand)
As you read the scroll labeled DUYBLI CUAPPU, it crumbles to dust.
It is a scroll of enchant armour.
Okay, then.
Are you sure you want to abandon this character and quit the game? (Confirm with "yes".)

....###########.....#####.#
## ....# ###.#.......# #.
###>#### #..#######.######.
#....# #..# #.....##.
####.#########.## #.###....
#..#........# #.####...
##...######.# #..# #...
###†## ##.# ##.###..#
##.>####.@# ##..##..#
#.....##.## #........
#.#.#.##.# #.......#
#...####.# #.......# ###'##
#.# ##)##.### #...# #.#
###.##.# #.<.###.####
#......# #...##.....#
#......#
##+###...#.#####.....##


There were no monsters in sight!

Vanquished Creatures
  A dart slug (D:1)
  A leopard gecko (D:1)
  4 bats (D:1)
  2 giant cockroaches (D:1)
  4 hobgoblins (D:1)
  6 jackals (D:1)
  2 frilled lizards (D:1)
  2 goblins (D:1)
  3 kobolds (D:1)
  4 rats (D:1)
29 creatures vanquished.

Notes
Turn   | Place    | Note
-------+----------+-------------------------------------------
     0 | D:1      | ClockworkOrrery the Gargoyle Fighter began the quest for
                  | the Orb.
     0 | D:1      | Reached XP level 1. HP: 14/14 MP: 1/1
   234 | D:1      | Reached XP level 2. HP: 18/20 MP: 2/2
   345 | D:1      | Reached skill level 4 in Fighting
   378 | D:1      | Reached XP level 3. HP: 10/24 MP: 3/3
   790 | D:1      | Quit the game

Illustrated notes

Levels and vault maps discovered:
D:1:      dpeg_arrival_tiny_h, layout_rooms, minmay_small_reverse_x

Skill      XL: |  1  2 |
---------------+-------+-----
Fighting       | 4 |  4.3
Maces & Flails | |  2.6
Armour         | |  3.2
Shields        | |  3.2

Action                   || total
-------------------------++-------
Melee: Flail             ||   109
  Use: Scroll            ||     1
Armor: Scale mail        ||    84
Dodge: Dodged            ||    40
Block: Kite shield       ||    38

Table legend: (Time is in decaauts)
 A = Elapsed time spent in this place.
 B = Non-inter-level travel time spent in this place.
 C = Inter-level travel time spent in this place.
 D = Time resting spent in this place.
 E = Time spent auto-exploring this place.
 F = Levels seen in this place.
 G = Mean time per level.
                   A        B        C        D        E       F      G
               +--------+--------+--------+--------+--------+-----+--------+
         Total |    830 |    830 |      0 |    168 |    406 |   1 |  830.0 |
       Dungeon |    830 |    830 |      0 |    168 |    406 |   1 |  830.0 |
               +--------+--------+--------+--------+--------+-----+--------+

Top non-repeatable levels by time:
     D:1: 830 daAuts
